 Dungeon Crawl Stone Soup version 0.23.0 (webtiles) character file.

Game seed: 14981638620826365649

262 kaze the Chopper (level 6, -2/53 HPs)
             Began as a Hill Orc Fighter on Feb 11, 2019.
             Was a Believer of Trog.
             Succumbed to an orc wizard's poison
             ... on level 5 of the Dungeon.
             The game lasted 00:06:22 (3272 turns).

kaze the Chopper (Hill Orc Fighter)                 Turns: 3272, Time: 00:06:23

Health: -2/53      AC: 10    Str: 26    XL:     6   Next: 18%
Magic:  6/6        EV:  6    Int:  8    God:    Trog [**....]
Gold:   226        SH: 12    Dex: 10    Spells: 5/5 levels left

rFire    . . .     SeeInvis .   a - +1 war axe
rCold    . . .     Gourm    .   c - +2 shield
rNeg     . . .     Faith    .   u - +0 chain mail
rPois    .         Spirit   .   e - +0 helmet
rElec    .         Reflect  .   (no cloak)
rCorr    .         Harm     .   (no gloves)
MR       .....                  (no boots)
Stlth    ..........             (no amulet)
HPRegen  0.17/turn              (no ring)
MPRegen  0.10/turn              (no ring)

@: mighty, lethally poisoned (-2 -> -45)
A: no striking features
a: Berserk, Trog's Hand, Renounce Religion


You were on level 5 of the Dungeon.
You worshipped Trog.
Trog was pleased with you.
You were not hungry.

You visited 1 branch of the dungeon, and saw 5 of its levels.

You collected 226 gold pieces.

Inventory:

Hand Weapons
 a - a +1 war axe (weapon)
Armour
 c - a +2 shield (worn)
 e - a +0 helmet (worn)
 u - a +0 chain mail (worn)
Jewellery
 g - an uncursed ring of ice {unknown}
 n - an uncursed ring of resist corrosion {unknown}
Scrolls
 b - 3 scrolls of identify
 i - a scroll of fog
 l - 5 scrolls of remove curse
Potions
 d - 3 potions of might
 h - 2 potions of flight
 k - a potion of cancellation
 m - 3 potions of brilliance {unknown}
 r - 2 potions of agility {unknown}
Comestibles
 f - 8 rations


   Skills:
 + Level 4.4 Fighting
 + Level 5.2 Axes
 + Level 4.5 Armour
 + Level 0.3 Dodging
 + Level 4.8 Shields


You had 5 spell levels left.
You didn't know any spells.
Your spell library was empty.

Dungeon Overview and Level Annotations

Branches:
Dungeon (5/15)             Temple (0/1) D:4

Altars:
Ashenzari
Dithmenos
Ru
Trog
The Shining One


Message History

Something hits you but does no damage.
You are more poisoned.
You miss something.
* * * LOW HITPOINT WARNING * * *
You feel very sick. Something hits you but does no damage.
You are more poisoned.
Something hits you but does no damage.
You are more poisoned.
You feel very mighty all of a sudden.
* * * LOW HITPOINT WARNING * * *
You feel very sick. Something hits you but does no damage.
You slice something!! Trog accepts your kill.
You can now call upon Trog for regeneration and magic resistance.
Trog appreciates your killing of a magic user.
Reactivating autopickup.
You feel a bit more experienced.
You die...

#. .####. ...#.
##... ..# #....
#.# #.#....##
#.#
#......)####.#
#......@..##.#
#......)#.##.#
##+##
###...###.##.#
##...##
#...###.##.#
##.....##
###........#
#...<...##
##.###.####
.........#
##...##.######..
.........+
................
.........#
##...##.######.#


There were no monsters in sight!

Vanquished Creatures
  An orc wizard (D:5)
  2 worker ants (D:5)
  Robin (D:3)
  4 gnolls (D:3)
  3 adders
  2 oozes (D:3)
  2 worms (D:3)
  A dart slug (D:1)
  6 leopard geckos
  4 orcs
  8 giant cockroaches
  16 goblins
  4 hobgoblins
  12 jackals
  A quokka (D:1)
  3 bats (D:3)
  A frilled lizard (D:3)
  6 kobolds
  9 rats (D:1)
86 creatures vanquished.

Notes
Turn   | Place    | Note
-------+----------+-------------------------------------------
     0 | D:1      | kaze the Hill Orc Fighter began the quest for the Orb.
     0 | D:1      | Reached XP level 1. HP: 19/19 MP: 1/1
    41 | D:1      | Reached XP level 2. HP: 26/27 MP: 2/2
   252 | D:1      | Reached skill level 3 in Axes
   645 | D:1      | Reached XP level 3. HP: 33/33 MP: 3/3
   952 | D:2      | Found a bloodstained altar of Trog.
   960 | D:2      | Became a worshipper of Trog the Wrathful
  1034 | D:2      | Found a shadowy altar of Dithmenos.
  1288 | D:2      | Reached XP level 4. HP: 37/40 MP: 4/4
  1768 | D:3      | Reached * piety under Trog
  1961 | D:3      | Reached skill level 4 in Axes
  1963 | D:3      | Reached XP level 5. HP: 36/46 MP: 5/5
  2289 | D:3      | Found a glowing golden altar of the Shining One.
  2393 | D:3      | Noticed Robin
  2421 | D:3      | Killed Robin
  2904 | D:4      | Found a sacrificial altar of Ru.
  2995 | D:4      | Found a shattered altar of Ashenzari.
  3142 | D:4      | Found a staircase to the Ecumenical Temple.
  3183 | D:5      | Entered Level 5 of the Dungeon
  3235 | D:5      | Reached skill level 5 in Axes
  3235 | D:5      | Reached XP level 6. HP: 36/53 MP: 6/6
  3272 | D:5      | Reached ** piety under Trog
  3272 | D:5      | Succumbed to an orc wizard's poison

Skill      XL: |  1  2  3  4  5 |
---------------+----------------+-----
Axes           | 3 4 5 |  5.2
Fighting       | 4 |  4.4
Shields        | 4 |  4.8
Armour         | 4 |  4.5
Dodging        | |  0.3

Action                   |  1- 3 |  4- 6 || total
-------------------------+-------+-------++-------
Melee: War axe           |   131 |   129 ||   260
Invok: Berserk           |       |     2 ||     2
  Use: Scroll            |     1 |    12 ||    13
       Potion            |       |     1 ||     1
  Eat: Chunk             |     1 |     6 ||     7
       Ration            |       |     1 ||     1
Armor: Scale mail        |    51 |    26 ||    77
       Chain mail        |       |    73 ||    73
Dodge: Dodged            |    54 |    43 ||    97
Block: Shield            |    51 |   101 ||   152
